 Dungeon Crawl Stone Soup version 0.21.1-1-g345015f (webtiles) character file.

230392 nicolaieve the Slayer (level 18, -12/188 HPs)
             Began as a Minotaur Berserker on July 6, 2018.
             Was the Champion of Trog.
             Killed from afar by a fire dragon (41 damage)
             ... with a blast of flame
             ... on level 3 of the Vaults.
             The game lasted 03:30:33 (30274 turns).

nicolaieve the Slayer (Minotaur Berserker)         Turns: 30274, Time: 03:30:34

Health: -12/188    AC: 22    Str: 28    XL:     18   Next: 76%
Magic:  17/17      EV:  6    Int:  1    God:    Trog [******]
Gold:   3187       SH: 36    Dex: 12    Spells: 17/17 levels left

rFire    . . .     SeeInvis .   m - +4 broad axe (flame)
rCold    . . .     Gourm    .   T - +18 shield of the Gong {rElec rN+ MR+ EV-5}
rNeg     + . .     Faith    .   l - +0 plate armour {MR+}
rPois    .         Spirit   .   (helmet restricted)
rElec    +         Reflect  +   (no cloak)
rCorr    +         Harm     .   o - +0 pair of gloves
MR       +++++                  D - +1 pair of boots of Astont {rElec rF- MR+ rCorr}
Stlth    ..........             b - +3 amulet of reflection
HPRegen  1.41/turn              M - ring of Ru's Righteous Anger {rElec rF+ Int-3 Stlth+}
MPRegen  0.15/turn              (no ring)

@: berserk cooldown, regenerating, slowed, very slow
A: retaliatory headbutt, horns 2
}: 1/15 runes: decaying
a: Berserk, Trog's Hand, Brothers in Arms, Burn Spellbooks, Renounce Religion


You were on level 3 of the Vaults.
You worshipped Trog.
Trog was exalted by your worship.
You were very hungry.

You visited 6 branches of the dungeon, and saw 32 of its levels.
You also visited: Sewer, Bailey and Ice Cave.

You collected 4123 gold pieces.
You spent 936 gold pieces at shops.

Inventory:

Hand Weapons
 a - the +3 war axe "Raicza" {freeze, rF+ MR+ Str+3}
   (You found it on level 6 of the Lair of Beasts)

   It has been specially enchanted to freeze those struck by it, causing extra
   injury to most foes and up to half again as much damage against particularly
   susceptible opponents.
   It can also slow down cold-blooded creatures.
   It affects your strength (+3).
   It protects you from fire.
   It affects your resistance to hostile enchantments.
 m - a +4 broad axe of flaming (weapon)
 p - a +2 antimagic broad axe
 P - the +7 war axe "Ytzewkiy" {holy, *Slow rC+ Int+4}
   (Trog gifted it to you on level 2 of the Lair of Beasts)

   It has been blessed by the Shining One to cause great damage to the undead
   and demons.
   It affects your intelligence (+4).
   It protects you from cold.
   It may slow you when you take damage.
Armour
 l - a +0 plate armour of magic resistance (worn)
 o - a +0 pair of gloves (worn)
 D - the +1 pair of boots of Astont (worn) {rElec rF- MR+ rCorr}
   (You found it in a bailey)

   It makes you vulnerable to fire.
   It insulates you from electricity.
   It affects your resistance to hostile enchantments.
   It protects you from acid and corrosion.
 T - the +18 shield of the Gong (worn) {rElec rN+ MR+ EV-5}
   (You found it on level 13 of the Dungeon)

   It affects your evasion (-5).
   It insulates you from electricity.
   It protects you from negative energy.
   It affects your resistance to hostile enchantments.
 Z - a +1 plate armour of fire resistance
Jewellery
 b - a +3 amulet of reflection (around neck)
 y - a +4 ring of strength
 M - the ring of Ru's Righteous Anger (left hand) {rElec rF+ Int-3 Stlth+}
   (You found it on level 10 of the Dungeon)

   [ring of stealth]

   It affects your intelligence (-3).
   It protects you from fire.
   It insulates you from electricity.
   It makes you more stealthy.
 Q - an uncursed ring of protection from cold
 U - an uncursed ring of see invisible
 V - an uncursed ring of protection from fire
 Y - an uncursed ring of poison resistance
Wands
 s - a wand of acid (25)
 B - a wand of paralysis (29)
 C - a wand of polymorph (30)
 E - a wand of disintegration (8)
 H - a wand of flame (18)
 K - a wand of iceblast (49)
 L - a wand of digging (26)
 R - a wand of scattershot (5)
Scrolls
 d - 3 scrolls of fear
 i - 11 scrolls of teleportation
 j - 4 scrolls of fog
 k - 12 scrolls of remove curse
 q - 7 scrolls of enchant weapon
 v - 7 scrolls of enchant armour
 x - 4 scrolls of immolation
 z - a scroll of vulnerability
 A - 5 scrolls of identify
 J - 4 scrolls of magic mapping
Potions
 e - 15 potions of curing
 f - 6 potions of agility
 g - 5 potions of might
 h - 8 potions of lignification
 n - 3 potions of haste
 r - 4 potions of mutation
 t - 8 potions of flight
 u - a potion of invisibility
 w - 2 potions of ambrosia
 F - 3 potions of cancellation
 G - 2 potions of brilliance
 X - 2 potions of heal wounds
Comestibles
 c - 41 rations


   Skills:
 - Level 23.2 Fighting
 + Level 21.7 Axes
 - Level 2.0 Throwing
 * Level 17.7 Armour
 * Level 6.1 Dodging
 - Level 15.9 Shields


You had 17 spell levels left.
You didn't know any spells.

Dungeon Overview and Level Annotations

Branches:
Dungeon (15/15)            Temple (0/1) D:4            Lair (6/6) D:9
  Swamp (4/4) Lair:3        Snake (2/4) Lair:4        Slime (0/5) Lair:5
    Orc (2/2) D:12            Elf (0/3) Orc:2        Vaults (3/5) D:13
 Depths (0/5) D:15
  Crypt: Vaults:2-3

Altars:
Elyvilon
Fedhas
Gozag
Kikubaaqudgha
Makhleb
Qazlal
Ru
Wu Jian
Yredelemnul
Beogh
Jiyva

Shops:
D:7 (   D:9 !   D:10 !   D:14 (   Orc:2 %%([   Snake:1 **[:

Annotations:
Lair:3 exclusion: oklob plant
Lair:4 exclusion: oklob plant
Swamp:1 exclusion: Roxanne, Roxanne


Innate Abilities, Weirdness & Mutations

You reflexively headbutt those who attack you in melee.
You have a pair of horns on your head.


Message History

GONNNNG!
The fire dragon tramples you.
* * * LOW HITPOINT WARNING * * *
You stumble backwards!
The hornet barely misses you. You block the orc knight's attack.
SHROANNG!
Unknown command.
Okay, then.
As you read the scroll of fear, it crumbles to dust.
You assume a fearsome visage.
The orc knight looks frightened!
The warg easily resists.
The warg looks frightened!
The orc warrior looks frightened!
The fire dragon resists with some effort.
The yaktaur resists with some effort.
The hornet looks frightened!
The ironheart preserver looks frightened!
The great orb of eyes looks frightened!
You feel the effects of Trog's Hand fading.
The fire dragon breathes flames at you. The blast of flame hits you!
You die...

#..........'......####...#
#..........#......'.......
#..........#......####...#
#..........#......###..#..
#..........#..<...##.(###.
############......##### ##
#############'##
#.....hp.......#
#....@D./......#
#.....oc)).....#
#....yGo[......#
#.......)......#
#.......h=)....#
#........).....#
#..............#
#..............#
#..............#


You could see an ironheart preserver (fleeing), a fire dragon, an orc knight
(fleeing), a great orb of eyes (fleeing), a yaktaur, a hornet (fleeing), 2 wargs
and an orc warrior (fleeing).

Vanquished Creatures
  3 thorn hunters
  2 sphinxes (Vaults:2)
  2 tengu reavers
  The ghost of wojtek the Severer, an adept MiFi of Makhleb (Snake:1)
  An orc warlord (Orc:2)
  3 frost giants
  8 vault wardens
  Louise (Swamp:4)
  2 ghouls
  The ghost of w0lly the Blocker, a journeyman DsBe of Trog (Orc:2)
  4 ironheart preservers (Vaults:1)
  A war gargoyle (Vaults:2)
  4 stone giants
  A dire elephant (Lair:6)
  A deep elf annihilator (Vaults:1)
  2 fire dragons
  5 ogre magi
  2 great orbs of eyes
  2 yaktaur captains
  A naga warrior (Snake:2)
  A fire dragon (shapeshifter) (D:15)
  2 rakshasas (Vaults:3)
  23 hydras
  Harold (D:10)
  2 ice dragons
  2 ghost crabs (Swamp:4)
  14 alligators
  A centaur warrior (Vaults:1)
  A catoblepas (D:12)
  A merfolk avatar (Lair:6)
  An anaconda (Snake:1)
  2 dancing weapons (D:13)
  3 death knights
  6 death yaks (Lair:5)
  2 orc high priests (Orc:2)
  19 two-headed ogres
  Nergalle (D:10)
  A deep elf knight (Vaults:3)
  3 naga sharpshooters (Snake:1)
  A shock serpent (Snake:1)
  The ghost of nicolaieve the Cleaver, a novice MiBe of Trog (D:8)
  5 skeletal warriors
  2 spriggan druids (Swamp:3)
  2 deep trolls (Vaults:3)
  9 swamp dragons
  An unseen horror (D:12)
  A necromancer (Vaults:2)
  A deep elf archer (Vaults:2)
  2 shambling mangroves
  2 wizards
  12 orc knights
  5 deep elf magi
  7 ironbrand convokers
  Pikel (D:8)
  38 ugly things
  4 mana vipers
  A stone giant zombie (Vaults:2)
  An orc sorcerer (Vaults:2)
  2 fire giant zombies (Vaults:2)
  5 cyclopes
  2 salamanders (Snake:1)
  8 manticores
  A vault sentinel (Vaults:1)
  3 naga magi
  An ice statue (IceCv)
  Joseph (D:7)
  10 elephants
  A guardian serpent (shapeshifter) (Vaults:2)
  14 black mambas
  2 gargoyles
  3 centaur skeletons
  Psyche (D:10)
  An efreet (D:12)
  17 spiny frogs
  11 rime drakes
  11 komodo dragons
  10 yaktaurs
  4 kobold demonologists
  6 freezing wraiths
  An entropy weaver simulacrum (Vaults:1)
  5 tyrant leeches
  5 trolls
  9 bog bodies
  25 polar bears
  9 hornets
  28 blink frogs
  27 slime creatures
  Grinder (D:6)
  A frost giant simulacrum (Vaults:2)
  13 hippogriffs
  8 spriggans
  5 shadows
  4 wyverns
  A spriggan (shapeshifter) (Vaults:1)
  4 wraiths
  4 basilisks
  40 yaks
  A basilisk (shapeshifter) (Vaults:1)
  A hog (shapeshifter) (Vaults:2)
  Grum (D:11)
  The ghost of dvd the Slasher, an amateur DsMo of Cheibriados (D:3)
  3 hungry ghosts
  2 steam dragons
  15 vampire mosquitoes
  8 wargs
  14 nagas
  9 swamp worms
  A soldier ant (D:12)
  20 water moccasins
  An acid dragon (Vaults:2)
  3 insubstantial wisps (Swamp:4)
  12 porcupines
  19 swamp drakes
  58 orc warriors
  A slave (D:8)
  5 sky beasts
  4 black bears
  An eye of draining (D:11)
  A sky beast (shapeshifter) (Vaults:1)
  4 ice beasts
  3 boggarts (Vaults:1)
  4 phantoms
  3 necrophages
  33 wolves
  A human skeleton (Vaults:2)
  24 ogres
  26 crocodiles
  10 centaurs
  3 big kobolds
  13 bullfrogs
  A gnoll sergeant (Orc:1)
  An elf skeleton (D:12)
  2 wyvern skeletons
  A wyvern zombie (D:11)
  A hornet simulacrum (D:15)
  4 scorpions
  A water moccasin skeleton (D:5)
  12 killer bees
  5 wights (D:10)
  4 howler monkeys
  5 jellies
  2 crimson imps
  3 centaur zombies
  A bullfrog zombie (D:2)
  2 quasits
  A bullfrog skeleton (D:10)
  4 hounds
  2 human simulacra (Vaults:2)
  32 orc priests
  4 human zombies (D:12)
  43 orc wizards
  5 iguanas
  Natasha (thrice) (D:4)
  5 hell rats (Lair:4)
  10 worker ants
  A killer bee zombie (D:10)
  3 hound skeletons
  2 mummies (D:12)
  2 worker ant zombies
  7 gnolls
  14 adders
  A howler monkey skeleton (D:9)
  3 river rats
  3 shadow imps
  An ooze (D:4)
  3 dart slugs
  2 worms
  6 leopard geckos
  146 orcs
  3 bat zombies (D:4)
  4 giant cockroaches
  10 goblins
  16 hobgoblins
  7 jackals
  31 kobolds
  8 quokkas
  A ball python (D:1)
  9 bats
  4 frilled lizards
  An orc skeleton (D:12)
  2 orc zombies (D:12)
  16 rats
  2 rat zombies (D:4)
  2 briar patches (Swamp:4)
  3 bushes (Lair:1)
  2 fungi (Lair:6)
  2 plants
1309 creatures vanquished.

Vanquished Creatures (others)
  Nessos (D:14)
  A naga sharpshooter (Snake:1)
  A deep elf archer (Vaults:1)
  3 yaktaurs
  A boggart (Vaults:1)
  A centaur (Vaults:1)
  4 briar patches (Swamp:4)
  2 bushes (Lair:1)
  15 fungi
  21 plants
50 creatures vanquished.

Grand Total: 1359 creatures vanquished

Notes
Turn   | Place    | Note
-------+----------+-------------------------------------------
     0 | D:1      | nicolaieve the Minotaur Berserker began the quest for the Orb.
     0 | D:1      | Reached XP level 1. HP: 19/19 MP: 0/0
    39 | D:1      | Reached XP level 2. HP: 22/27 MP: 1/1
    84 | D:1      | Reached skill level 4 in Fighting
   651 | D:2      | Reached ** piety under Trog
   651 | D:2      | Reached XP level 3. HP: 33/33 MP: 2/2
   716 | D:2      | Reached skill level 5 in Axes
   771 | D:2      | Reached XP level 4. HP: 40/40 MP: 3/3
  1367 | D:3      | Found an ornate altar of the Wu Jian Council.
  1386 | D:3      | Reached XP level 5. HP: 47/47 MP: 4/4
  1554 | D:3      | Found a stormy altar of Qazlal.
  1554 | D:3      | Noticed dvd's ghost (amateur DsMo)
  1571 | D:3      | Killed dvd's ghost
  1571 | D:3      | Reached XP level 6. HP: 53/53 MP: 5/5
  1621 | D:3      | Reached *** piety under Trog
  1888 | D:4      | Noticed Natasha
  1894 | D:4      | Killed Natasha
  1894 | D:4      | Reached XP level 7. HP: 60/60 MP: 6/6
  1940 | D:4      | Noticed Natasha
  1944 | D:4      | Killed Natasha
  1945 | D:4      | Found a staircase to the Ecumenical Temple.
  2075 | D:4      | Reached skill level 5 in Fighting
  2215 | D:4      | Noticed Natasha
  2219 | D:4      | Killed Natasha
  2601 | D:4      | Reached skill level 5 in Armour
  2629 | D:4      | Reached **** piety under Trog
  2631 | D:4      | Found an ancient bone altar of Kikubaaqudgha.
  2797 | D:5      | Entered Level 5 of the Dungeon
  2801 | D:5      | Noticed a two-headed ogre
  2811 | D:5      | Killed a two-headed ogre
  2811 | D:5      | Reached XP level 8. HP: 58/70 MP: 7/7
  2887 | D:5      | Found a glowing drain.
  2900 | Sewer    | Entered a sewer
  2927 | Sewer    | Paralysed by fainting for 9 turns
  2997 | Sewer    | Reached skill level 6 in Fighting
  3016 | Sewer    | Found a white marble altar of Elyvilon.
  3411 | D:5      | Reached XP level 9. HP: 75/75 MP: 8/8
  4203 | D:6      | Noticed Grinder
  4213 | D:6      | Killed Grinder
  4547 | D:7      | Reached ***** piety under Trog
  4643 | D:7      | Found a burning altar of Makhleb.
  4685 | D:7      | Noticed Joseph
  4696 | D:7      | Killed Joseph
  4696 | D:7      | Reached skill level 7 in Fighting
  5050 | D:7      | Found Docvaj's Antique Weapon Shop.
  5257 | D:7      | Found an opulent altar of Gozag.
  5258 | D:7      | Found a white marble altar of Elyvilon.
  5450 | D:8      | Noticed a green ugly thing
  5454 | D:8      | Reached XP level 10. HP: 88/88 MP: 9/9
  5460 | D:8      | Killed a green ugly thing
  5460 | D:8      | Reached skill level 8 in Fighting
  5481 | D:8      | Noticed nicolaieve's ghost (novice MiBe)
  5513 | D:8      | Killed nicolaieve's ghost
  5714 | D:8      | Reached skill level 9 in Fighting
  5792 | D:8      | Noticed Pikel
  5804 | D:8      | Killed Pikel
  5811 | D:8      | Found a flagged portal.
  5827 | Bailey   | Entered a bailey
  5855 | Bailey   | Noticed an orc knight
  6285 | Bailey   | Reached skill level 10 in Fighting
  6300 | Bailey   | Killed an orc knight
  6367 | Bailey   | Got a pair of shimmering boots
  6373 | Bailey   | Identified the +1 pair of boots of Astont {rElec rF- MR+ rCorr} (You found it in a bailey)
  6769 | D:9      | Reached skill level 10 in Armour
  6836 | D:9      | Noticed a two-headed ogre
  6842 | D:9      | Killed a two-headed ogre
  6842 | D:9      | Reached skill level 11 in Fighting
  6842 | D:9      | Reached XP level 11. HP: 102/102 MP: 10/10
  7558 | D:9      | Found a staircase to the Lair.
  7664 | D:9      | Found Pauzidy's Distillery.
  7756 | D:10     | Entered Level 10 of the Dungeon
  7777 | D:10     | Noticed Nergalle
  7802 | D:10     | Killed Nergalle
  7887 | D:10     | Got a smoking lead ring
  8015 | D:10     | Reached ****** piety under Trog
  8069 | D:10     | Noticed Psyche
  8074 | D:10     | Received a gift from Trog
  8086 | D:10     | Killed Psyche
  8092 | D:10     | Got an ichor-stained hand axe {god gift}
  8093 | D:10     | Identified the +7 hand axe of Inconvenience {venom, rF++} (Trog gifted it to you on level 10 of the Dungeon)
  8121 | D:10     | Reached skill level 12 in Fighting
  8180 | D:10     | Found Waus's Distillery.
  8192 | D:10     | Noticed a two-headed ogre
  8198 | D:10     | Killed a two-headed ogre
  8232 | D:10     | Found a blossoming altar of Fedhas.
  8296 | D:10     | Identified the ring of Ru's Righteous Anger {rElec rF+ Int-3 Stlth+} (You found it on level 10 of the Dungeon)
  8355 | D:10     | Noticed Harold
  8376 | D:10     | Killed Harold
  8523 | D:10     | Found a sacrificial altar of Ru.
  8727 | D:11     | Noticed a purple ugly thing
  8738 | D:11     | Killed a purple ugly thing
  8858 | D:11     | Reached skill level 13 in Fighting
  8861 | D:11     | Noticed a two-headed ogre
  8869 | D:11     | Killed a two-headed ogre
  8934 | D:11     | Reached XP level 12. HP: 113/115 MP: 11/11
  9109 | D:11     | Noticed Grum
  9118 | D:11     | Killed Grum
  9602 | D:12     | Noticed a catoblepas
  9617 | D:12     | Killed a catoblepas
  9726 | D:12     | Reached skill level 14 in Fighting
  9758 | D:12     | Received a gift from Trog
  9993 | D:12     | Found a staircase to the Orcish Mines.
 10240 | D:12     | Found a basalt altar of Yredelemnul.
 10613 | D:13     | Found the +18 shield of the Gong {rElec rN+ MR+ EV-5}
 10642 | D:13     | Found a gate to the Vaults.
 10695 | D:13     | Reached skill level 5 in Shields
 10702 | D:13     | Noticed a great orb of eyes
 10720 | D:13     | Killed a great orb of eyes
 10732 | D:13     | Reached XP level 13. HP: 115/125 MP: 12/12
 10900 | Lair:1   | Entered Level 1 of the Lair of Beasts
 11612 | Lair:2   | Received a gift from Trog
 11618 | Lair:2   | Got a smoking war axe {god gift}
 11632 | Lair:2   | Identified the +7 war axe "Ytzewkiy" {holy, *Slow rC+ Int+4} (Trog gifted it to you on level 2 of the Lair of Beasts)
 11854 | Lair:2   | Reached skill level 10 in Shields
 12593 | Lair:3   | Found a staircase to the Swamp.
 13615 | Lair:4   | Found a staircase to the Snake Pit.
 14145 | Lair:5   | Received a gift from Trog
 14199 | Lair:5   | Reached XP level 14. HP: 118/133 MP: 13/13
 14399 | Lair:5   | Found a viscous altar of Jiyva.
 14400 | Lair:5   | Found a staircase to the Slime Pits.
 14795 | Lair:5   | Found a frozen archway.
 14802 | IceCv    | Entered an ice cave
 14926 | IceCv    | Reached skill level 15 in Shields
 14995 | IceCv    | Reached skill level 15 in Axes
 15143 | IceCv    | Received a gift from Trog
 15313 | IceCv    | Noticed a frost giant
 15323 | IceCv    | Killed a frost giant
 16102 | Lair:6   | Entered Level 6 of the Lair of Beasts
 16265 | Lair:6   | Reached skill level 15 in Fighting
 16273 | Lair:6   | Reached skill level 15 in Armour
 16341 | Lair:6   | Received a gift from Trog
 16368 | Lair:6   | Reached XP level 15. HP: 85/141 MP: 14/14
 16515 | Lair:6   | Got a bloodstained war axe
 16555 | Lair:6   | Identified the +3 war axe "Raicza" {freeze, rF+ MR+ Str+3} (You found it on level 6 of the Lair of Beasts)
 17254 | Orc:1    | Entered Level 1 of the Orcish Mines
 17469 | Orc:2    | Entered Level 2 of the Orcish Mines
 17669 | Orc:2    | Found a staircase to the Elven Halls.
 17743 | Orc:2    | Found a roughly hewn altar of Beogh.
 17763 | Orc:2    | Noticed an orc warlord
 17773 | Orc:2    | Killed an orc warlord
 17787 | Orc:2    | Received a gift from Trog
 17807 | Orc:2    | Noticed w0lly's ghost (journeyman DsBe)
 17815 | Orc:2    | Killed w0lly's ghost
 17923 | Orc:2    | Found a roughly hewn altar of Beogh.
 17928 | Orc:2    | Found Debah's Food Boutique.
 17948 | Orc:2    | Found a roughly hewn altar of Beogh.
 18197 | Orc:2    | Found a roughly hewn altar of Beogh.
 18241 | Orc:2    | Found a roughly hewn altar of Beogh.
 18375 | Orc:2    | Found a roughly hewn altar of Beogh.
 18390 | Orc:2    | Found a roughly hewn altar of Beogh.
 18392 | Orc:2    | Found Cylo Bif's Food Shoppe.
 18495 | Orc:2    | Found Fer Wafo's Antique Weapon Emporium.
 18505 | Orc:2    | Found a roughly hewn altar of Beogh.
 18519 | Orc:2    | Found Joihonul's Antique Armour Shoppe.
 18543 | Orc:2    | Bought a shiny plate armour for 936 gold pieces
 19251 | D:13     | Received a gift from Trog
 19679 | D:14     | Found Kehechiedo's Antique Weapon Shop.
 19796 | D:14     | Reached skill level 1 in Throwing
 19970 | D:14     | Noticed Nessos
 19974 | D:14     | Killed Nessos
 19974 | D:14     | Reached skill level 16 in Fighting
 20245 | D:15     | Entered Level 15 of the Dungeon
 20660 | D:15     | Found a staircase to the Depths.
 20715 | D:15     | Received a gift from Trog
 20897 | D:15     | Reached XP level 16. HP: 152/152 MP: 15/15
 21523 | Swamp:1  | Entered Level 1 of the Swamp
 21642 | Swamp:1  | Reached skill level 17 in Fighting
 22043 | Snake:1  | Entered Level 1 of the Snake Pit
 22170 | Snake:1  | Reached skill level 18 in Fighting
 22241 | Snake:1  | Noticed wojtek's ghost (adept MiFi)
 22254 | Snake:1  | Killed wojtek's ghost
 22568 | Snake:1  | Found Lilesoil's General Store.
 22578 | Snake:1  | Found Kyttut's Book Emporium.
 22578 | Snake:1  | Found Diodayny's General Store.
 22581 | Snake:1  | Found Xoruiq's Armour Emporium.
 23133 | Snake:2  | Reached skill level 19 in Fighting
 23813 | Swamp:1  | Reached skill level 20 in Fighting
 23815 | Swamp:1  | Noticed Roxanne
 24273 | Swamp:2  | Received a gift from Trog
 24303 | Swamp:2  | Noticed a thorn hunter
 24314 | Swamp:2  | Killed a thorn hunter
 24393 | Swamp:2  | Reached skill level 21 in Fighting
 25465 | Swamp:3  | Reached skill level 22 in Fighting
 25882 | Swamp:4  | Entered Level 4 of the Swamp
 25903 | Swamp:4  | Received a gift from Trog
 26026 | Swamp:4  | Reached XP level 17. HP: 171/177 MP: 16/16
 26057 | Swamp:4  | Noticed Louise
 26092 | Swamp:4  | Reached skill level 23 in Fighting
 26095 | Swamp:4  | Received a gift from Trog
 26115 | Swamp:4  | Killed Louise
 26193 | Swamp:4  | Got a decaying rune of Zot
 26329 | Swamp:4  | Received a gift from Trog
 27129 | Vaults:1 | Entered Level 1 of the Vaults
 28080 | Vaults:1 | Received a gift from Trog
 28083 | Vaults:1 | Got a bone hand axe {god gift}
 28084 | Vaults:1 | Identified the +3 hand axe of Mautzu Nougg {freeze, Str+3 Stlth+} (Trog gifted it to you on level 1 of the Vaults)
 28559 | Vaults:1 | Reached XP level 18. HP: 188/188 MP: 17/17
 28911 | Vaults:2 | Received a gift from Trog
 28987 | Vaults:2 | Reached skill level 5 in Dodging
 29027 | Vaults:2 | Received a gift from Trog
 29997 | Vaults:3 | Received a gift from Trog
 30274 | Vaults:3 | Killed from afar by a fire dragon

Skill      XL: |  1  2  3  4  5  6  7  8  9 10 11 12 13 14 15 16 17 18 |
---------------+-------------------------------------------------------+-----
Fighting       | 4 5 6 7 11 13 14 15 16 22 23 | 23.2
Axes           | 4 5 6 7 8 11 12 14 17 18 20 21 | 21.7
Armour         | 3 4 5 6 7 10 13 14 15 16 17 | 17.7
Shields        | 6 13 15 | 15.9
Dodging        | 4 6 |  6.1
Throwing       | 2 |  2.0

Action                   |  1- 3 |  4- 6 |  7- 9 | 10-12 | 13-15 | 16-18 || total
-------------------------+-------+-------+-------+-------+-------+-------++-------
Melee: Hand axe          |    54 |   122 |   267 |   653 |   609 |       ||  1705
       Headbutt          |    10 |    17 |    59 |   139 |   319 |   282 ||   826
       War axe           |       |       |       |       |   609 |   195 ||   804
       Broad axe         |       |       |       |       |   163 |   846 ||  1009
Throw: Tomahawk          |       |       |       |    52 |       |       ||    52
Invok: Berserk           |       |     3 |     5 |    14 |    14 |    14 ||    50
       Burn Spellbooks   |       |       |       |     3 |     2 |     4 ||     9
       Trog's Hand       |       |       |       |     3 |     1 |     6 ||    10
Evoke: Wand              |       |       |       |    29 |       |       ||    29
  Use: Scroll            |       |       |     9 |     5 |    17 |     6 ||    37
       Potion            |       |       |       |     7 |     1 |     7 ||    15
 Stab: Confused          |       |       |       |       |       |     2 ||     2
  Eat: Chunk             |       |     6 |    12 |    20 |    29 |    25 ||    92
       Ration            |       |       |     1 |     3 |     6 |     6 ||    16
Armor: Ring mail         |     6 |       |       |       |       |       ||     6
       Plate armour      |    27 |    75 |   103 |   368 |   221 |   225 ||  1019
Dodge: Dodged            |    19 |    36 |    76 |   208 |    34 |    70 ||   443
Block: Other             |     4 |    10 |    16 |    71 |       |       ||   101
       Reflection        |       |     1 |     1 |    12 |    19 |   102 ||   135
       Shield            |       |       |       |    64 |  1475 |  1224 ||  2763
